 Dungeon Crawl Stone Soup version 0.28-a0-556-gab23d0e057 (webtiles) character file.

Game seed: 9244458097381871855

46 meatgazer the Chopper (level 3, -21/34 HPs)
             Began as a Hill Orc Monk on Sept 28, 2021.
             Killed by an exploding Ijyb (27 damage)
             ... ignited by their inner flame
             ... on level 3 of the Dungeon.
             The game lasted 00:02:01 (2059 turns).

meatgazer the Chopper (Hill Orc Monk)               Turns: 2059, Time: 00:02:03

Health: -21/34     AC:  2    Str: 14    XL:     3   Next: 66%
Magic:  3/3        EV: 12    Int: 10    God:
Gold:   58         SH:  0    Dex: 13    Spells: 2/2 levels left

rFire   . . .      SeeInvis .   a - +1 hand axe
rCold   . . .      Faith    .   (no shield)
rNeg    . . .      Spirit   .   b - +0 robe
rPois   .          Reflect  .   (no helmet)
rElec   .          Harm     .   (no cloak)
rCorr   .          Rampage  .   (no gloves)
Will    .....                   (no boots)
Stlth   ++........              (no amulet)
HPRegen 0.11/turn               (no ring)
MPRegen 0.08/turn               (no ring)

@: no status effects
A: no striking features
a: no special abilities


You were on level 3 of the Dungeon.
You visited 1 branch of the dungeon, and saw 3 of its levels.

You collected 58 gold pieces.

Inventory:

Hand Weapons
 a - a +1 hand axe (weapon)
Armour
 b - a +0 robe (worn)
Scrolls
 g - a scroll of amnesia
Potions
 f - a potion of degeneration


   Skills:
 + Level 4.6 Fighting
 + Level 5.0 Axes
 - Level 2.5 Dodging
 - Level 1.5 Stealth


You had 2 spell levels left.
You didn't know any spells.
Your spell library was empty.

Dungeon Overview and Level Annotations

Branches:
Dungeon (3/15)

Altars:
Hepliaklqana


Message History

There is an open door here.
As you open the door, it creaks loudly!
There is an open door here.
There is an open door here.
Ijyb the Twisted Goblin comes into view.
She is wielding a +0 club and carrying a wand of flame (11).
Ijyb shouts!
A hobgoblin comes into view.
As you read the scroll labelled YCUXKAAWIV, it crumbles to dust.
It is a scroll of enchant weapon.
Your +0 hand axe glows red for a moment.
As you read the scroll labelled FISIL NUSSULOU, it crumbles to dust.
The creatures around you are filled with an inner flame!
It was a scroll of immolation.
As you read the scroll labelled ADEOCR TAYTRE, it crumbles to dust.
You speak a Word of immense power!
It was a scroll of holy word.
As you read the scroll labelled BUBRITHIERAU, it crumbles to dust.
It is a scroll of amnesia.
You feel forgetful for a moment.
Ijyb zaps a wand.
The puff of flame hits you.
As you read the scroll labelled HEKKIUGINU, it crumbles to dust.
It is a scroll of identify.
f - a potion of degeneration Ijyb zaps a wand.
The puff of flame hits you!
As you read the scroll labelled ITIATEFAIF, it crumbles to dust.
You feel aware of your surroundings.
You sensed 2 altars.
It was a scroll of magic mapping.
Ijyb zaps a wand.
The puff of flame hits you!
* * * LOW HITPOINT WARNING * * *
You barely miss Ijyb. Ijyb barely misses you.
You miss Ijyb. Ijyb hits you with a +0 club.
* * * LOW HITPOINT WARNING * * *
You hit Ijyb.
Flame seeps out of Ijyb.
Ijyb is lightly wounded.
Ijyb is engulfed in blazing flames.
Flame seeps out of Ijyb.
Ijyb misses you.
You barely miss Ijyb.
Ijyb is almost dead.
Ijyb is engulfed in blazing flames.
Ijyb explodes!
The fiery explosion engulfs you!!
Ouch! That really hurt!
You die...

,,,,,,,*,* #..###.#.........
********,*** #.#...##.#######.
*,,,* #.##.....# #. * *,,,*
#........# ##' ** *.,,*
########.# ##.. ,** *#.##***
###.# ##... ,,** **.....,* ##.#.#
##....
,,,****,......#######....###.....
,,,+,,,,.......○@..........+.....
,,,****,......#######....###.....
,,** **.....,* #........>... ,**
*###.*** #.##.###.#... ** #,*
#.##..##.##.. * *,* #.###.##.###'
*,* #.###.##.# #. *,*
#........###. ******* *,*
#####........


There were no monsters in sight!

Vanquished Creatures
  Ijyb (D:3)
  An adder (D:3)
  6 orcs (D:3)
  3 endoplasms
  A giant cockroach (D:3)
  2 goblins (D:3)
  3 hobgoblins (D:1)
  2 jackals (D:1)
  2 kobolds (D:1)
  A quokka (D:1)
  A ball python (D:3)
  2 frilled lizards (D:3)
  2 quokka zombies (D:1)
  2 rats (D:1)
29 creatures vanquished.

Vanquished Creatures (others)
  A demonic plant (D:1)
1 creature vanquished.

Grand Total: 30 creatures vanquished

Notes
Turn   | Place    | Note
-------+----------+-------------------------------------------
     0 | D:1      | meatgazer the Hill Orc Monk began the quest for the Orb.
     0 | D:1      | Reached XP level 1. HP: 19/19 MP: 1/1
   355 | D:1      | Reached XP level 2. HP: 27/27 MP: 2/2
   561 | D:1      | Found a faded altar of an unknown god.
  1191 | D:2      | You fall into a shaft and drop 1 floor!
  1191 | D:3      | Found a hazy altar of Hepliaklqana.
  1208 | D:3      | Reached XP level 3. HP: 24/33 MP: 3/3
  1713 | D:3      | Reached skill level 5 in Axes
  2046 | D:3      | Noticed Ijyb
  2059 | D:3      | Killed Ijyb
  2059 | D:3      | Killed by an exploding Ijyb... ignited by their inner flame

Illustrated notes

Levels and vault maps discovered:
D:1:      saegor_arrival_fortress, layout_loops_ring,
          shapermc_ecumenical_altar_gd
D:2:      layout_rooms
D:3:      layout_loops_corners, mainiacjoe_overflow_tiny_flanked,
          mainiacjoe_overflow_alcove_2, mainiacjoe_overflow_paths,
          kennysheep_generic_room_7, uniq_ijyb, uniq_jessica

Skill      XL: |  1  2  3 |
---------------+----------+-----
Fighting       | 4 |  4.6
Axes           | 5 |  5.0
Dodging        | |  2.5
Stealth        | |  1.5

Action                   || total
-------------------------++-------
Melee: Hand axe          ||    89
  Use: Potion            ||     2
       Scroll            ||     6
 Stab: Sleeping          ||     6
Armor: Robe              ||     6
       Skin              ||     8
Dodge: Dodged            ||    43

Table legend: (Time is in decaauts)
 A = Elapsed time spent in this place.
 B = Non-inter-level travel time spent in this place.
 C = Inter-level travel time spent in this place.
 D = Time resting spent in this place.
 E = Time spent auto-exploring this place.
 F = Levels seen in this place.
 G = Mean time per level.
                   A        B        C        D        E       F      G
               +--------+--------+--------+--------+--------+-----+--------+
         Total |   2048 |   2037 |     11 |    237 |   1594 |   3 |  682.7 |
       Dungeon |   2048 |   2037 |     11 |    237 |   1594 |   3 |  682.7 |
               +--------+--------+--------+--------+--------+-----+--------+

Top non-repeatable levels by time:
     D:1: 1184 daAuts
     D:3: 853 daAuts
     D:2: 11 daAuts
